 Dungeon Crawl Stone Soup version 0.25-a0-102-gbfa96ce22d (webtiles) character file.

Game seed: 12375303055253213964, levelgen mode: deterministic

2473 vurker the Thaumaturge (level 9, -5/66 HPs)
             Began as a Mummy Fire Elementalist on Nov 15, 2019.
             Was an Initiate of Gozag.
             Killed by divine providence
             ... invoked by an orc priest
              (14 damage)
             ... on level 7 of the Dungeon.
             The game lasted 00:16:06 (9905 turns).

vurker the Thaumaturge (Mummy Fire Elementalist)    Turns: 9905, Time: 00:16:06

Health: -5/66      AC:  3    Str: 12    XL:     9   Next: 26%
Magic:  11/21      EV: 12    Int: 17    God:    Gozag
Gold:   147        SH:  0    Dex: 12    Spells: 10/25 levels left

rFire    x . .     SeeInvis +   m - +1 dagger (speed)
rCold    + . .     Gourm    .   (no shield)
rNeg     + + +     Faith    .   a - +0 robe
rPois    ∞         Spirit   .   o - +0 helmet
rElec    .         Reflect  .   (no cloak)
rCorr    .         Harm     +   (no gloves)
MR       +....                  (no boots)
Stlth    +++.......             h - amulet of harm
HPRegen  0.21/turn              q - ring of see invisible
MPRegen  0.17/turn              i - ring of stealth

@: no status effects
A: no food or potions, fire vulnerability, cold resistance 1, negative energy
resistance 3, torment resistance, unbreathing
a: Potion Petition, Call Merchant, Bribe Branch, Renounce Religion


You were on level 7 of the Dungeon.
You worshipped Gozag.
Gozag was aware of your devotion.
You were not hungry.

You visited 2 branches of the dungeon, and saw 8 of its levels.
You also visited: Sewer.

You collected 212 gold pieces.
You paid 65 gold pieces to Gozag.

Inventory:

Hand Weapons
 m - a +1 dagger of speed (weapon)
   (You found it on level 2 of the Dungeon)
Armour
 a - a +0 robe (worn)
 o - a +0 helmet (worn)
   (You found it on level 5 of the Dungeon)
Jewellery
 g - an uncursed ring of resist corrosion
   (You found it on level 1 of the Dungeon)
 h - an amulet of harm (around neck)
   (You found it on level 4 of the Dungeon)
 i - a ring of stealth (right hand)
   (You found it on level 4 of the Dungeon)
 q - a ring of see invisible (left hand)
   (You found it on level 6 of the Dungeon)
Wands
 d - a wand of iceblast (1)
   (You found it on level 4 of the Dungeon)
Scrolls
 b - 3 scrolls of amnesia
 c - 3 scrolls of blinking
 e - a scroll of fear
 f - 3 scrolls of fog
 j - a scroll of remove curse
 k - 10 scrolls of teleportation
 l - a scroll of enchant weapon
 n - 4 scrolls of enchant armour
 r - a scroll of magic mapping


   Skills:
 + Level 4.5 Fighting
 - Level 1.5 Dodging
 - Level 1.5 Stealth
 * Level 8.5 Spellcasting
 * Level 5.5 Conjurations
 * Level 6.1 Fire Magic


You had 10 spell levels left.
You knew the following spells:

 Your Spells              Type           Power        Failure   Level  Hunger
a - Flame Tongue          Conj/Fire      ####.        1%          1    N/A
c - Conjure Flame         Conj/Fire      ####....     2%          3    N/A
q - Sticky Flame          Conj/Fire      ####....     9%          4    N/A
w - Blink                 Tloc           N/A          16%         2    N/A
z - Fireball              Conj/Fire      ####......   26%         5    N/A

Your spell library contained the following spells:

 Spells                   Type           Power        Failure   Level  Hunger
 Magic Dart               Conj           ####         1%          1    N/A
 Searing Ray              Conj           ####..       1%          2    N/A
 Throw Flame              Conj/Fire      ####..       1%          2    N/A
 Inner Flame              Hex/Fire       ###.....     9%          3    N/A
 Dazzling Spray           Conj/Hex       ###...       10%         3    N/A
 Iskenderun's Mystic Bla  Conj           ####....     10%         4    N/A
 Mephitic Cloud           Conj/Pois/Air  ##......     14%         3    N/A
 Call Imp                 Summ           #.......     16%         2    N/A
 Slow                     Hex            #.......     16%         2    N/A
 Force Lance              Conj/Tloc      ###.....     30%         4    N/A
 Fulminant Prism          Conj/Hex       ###.......   30%         4    N/A

Dungeon Overview and Level Annotations

Branches:
Dungeon (7/15)             Temple (1/1) D:6           Sewer (visited)

Altars:
Ashenzari
Cheibriados
Elyvilon
Fedhas
Gozag
Hepliaklqana
Makhleb
Nemelex Xobeh
Okawaru
Ru
Sif Muna
Trog
Uskayaw
Vehumet
Wu Jian
Yredelemnul
Zin

Shops:
D:4 (   D:6 (

Annotations:
D:6 2 transporters, Zeeb's ghost, novice SpVM


Innate Abilities, Weirdness & Mutations

You do not eat or drink.
Your flesh is vulnerable to fire.
You are immune to poison.
Your flesh is cold resistant. (rC+)
You are immune to negative energy. (rN+++)
You are immune to unholy pain and torment.
You can survive without breathing.


Message History

Orders for allies: a - Attack new target. r - Retreat! s - Stop attacking. g - Guard the area. f - Follow me.
Anything else - Cancel.
Okay, then.
Aim: an orc, wielding a +0 trident The flame tongue hits the orc.
Aim: an orc, wielding a +0 trident (almost dead)
The flame tongue misses the orc.
Aim: an orc, wielding a +0 trident (almost dead)
The flame tongue hits the orc!
You kill the orc!
Aim: an orc (hasn't noticed you)
The flame tongue hits the orc.
The orc shouts!
Aim: an orc (heavily wounded)
The flame tongue hits the orc!
You kill the orc!
Aim: an orc warrior, wielding a +0 trident and wearing a +0 plate armour The flame tongue misses the orc warrior.
Aim: an orc warrior, wielding a +0 trident and wearing a +0 plate armour The flame tongue hits the orc warrior.
The orc warrior closely misses you.
Aim: an orc warrior, wielding a +0 trident and wearing a +0 plate armour (moderately wounded)
The flame tongue hits the orc warrior!
The orc warrior hits you from afar with a +0 trident.
Aim: an orc warrior, wielding a +0 trident and wearing a +0 plate armour (heavily wounded)
The flame tongue hits the orc warrior.
An orc priest comes into view. It is wielding a -2 club.
An orc comes into view. It is wielding a +0 mace.
Aim: an orc warrior, wielding a +0 trident and wearing a +0 plate armour (severely wounded)
The flame tongue hits the orc warrior.
The orc shouts!
The orc wizard shouts!
The orc priest shouts!
The orc warrior hits you from afar with a +0 trident.
Aim: an orc warrior, wielding a +0 trident and wearing a +0 plate armour (severely wounded)
The flame tongue hits the orc warrior but does no damage.
The orc warrior hits you from afar with a +0 trident.
Aim: an orc warrior, wielding a +0 trident and wearing a +0 plate armour (severely wounded)
The flame tongue hits the orc warrior.
The orc warrior closely misses you.
Aim: an orc warrior, wielding a +0 trident and wearing a +0 plate armour (severely wounded)
The flame tongue hits the orc warrior.
The orc wizard casts a spell.
The orc wizard blinks!
The orc warrior hits you from afar with a +0 trident!!
* * * LOW HITPOINT WARNING * * *
The orc warrior hits you from afar with a +0 trident!
* * * LOW HITPOINT WARNING * * *
The orc priest calls down the wrath of Beogh upon you.
Beogh smites you!
You die...
Your body crumbles into a pile of gold.

#.# ... $
#.####
###.#..
..... #...
#.o# #o@#
#.o...#
##.o..#
#.§#..#
#.###.#
...# #..
####..###..
#......###.
#.<....#


You could see an orc warrior, an orc priest, an orc wizard and an orc.

Vanquished Creatures
  A two-headed ogre (D:6)
  Grinder (D:4)
  Sigmund (D:2)
  Eustachio (D:5)
  An orc warrior (D:6)
  A necrophage (D:7)
  An ogre (D:4)
  A bullfrog (D:6)
  A gnoll sergeant (D:5)
  A water moccasin zombie (D:7)
  A scorpion (D:3)
  A howler monkey (D:6)
  3 crimson imps
  3 orc priests
  2 iguanas
  Natasha (thrice) (D:3)
  4 orc wizards
  2 worker ants
  Terence (D:3)
  A worker ant zombie (D:6)
  4 gnolls (D:2)
  7 adders
  A river rat (D:4)
  2 shadow imps
  3 oozes
  4 worms
  2 dart slugs
  5 leopard geckos
  16 orcs
  9 bats
  9 giant cockroaches
  5 goblins
  5 hobgoblins
  8 jackals
  14 kobolds
  2 quokkas
  2 ball pythons
  3 frilled lizards (D:1)
  A leopard gecko skeleton (D:4)
  6 rats
139 creatures vanquished.

Notes
Turn   | Place    | Note
-------+----------+-------------------------------------------
     0 | D:1      | vurker the Mummy Fire Elementalist began the quest for the
                  | Orb.
     0 | D:1      | Reached XP level 1. HP: 13/13 MP: 4/4
   187 | D:1      | Reached skill level 3 in Spellcasting
   187 | D:1      | Reached skill level 1 in Conjurations
   320 | D:1      | Reached XP level 2. HP: 19/19 MP: 4/6
  1033 | D:2      | Reached XP level 3. HP: 25/25 MP: 3/7
  1128 | D:2      | Reached skill level 1 in Fighting
  1428 | D:2      | Reached XP level 4. HP: 31/32 MP: 5/9
  1647 | D:2      | You fall into a shaft and drop 2 floors!
  1650 | D:4      | Found a bloodstained altar of Trog.
  1847 | D:4      | Reached skill level 4 in Spellcasting
  1888 | D:4      | Found a glowing drain.
  1895 | Sewer    | Entered a sewer
  2114 | Sewer    | Reached XP level 5. HP: 37/37 MP: 7/11
  2315 | D:4      | Found Biag's Weapon Emporium.
  2382 | D:4      | Noticed an ogre
  3132 | D:2      | Noticed Sigmund
  3151 | D:1      | Learned a level 4 spell: Sticky Flame
  3155 | D:1      | Learned a level 3 spell: Conjure Flame
  3829 | D:3      | Noticed Terence
  3891 | D:3      | Killed Terence
  3891 | D:3      | Reached XP level 6. HP: 30/44 MP: 1/13
  4051 | D:3      | Noticed Natasha
  4250 | D:3      | Killed Natasha
  4606 | D:3      | Noticed Natasha
  4614 | D:3      | Killed Natasha
  4614 | D:3      | Reached skill level 5 in Spellcasting
  5073 | D:3      | Noticed Natasha
  5076 | D:3      | Killed Natasha
  5835 | D:4      | Noticed Grinder
  5850 | D:4      | Killed Grinder
  5850 | D:4      | Reached XP level 7. HP: 47/51 MP: 8/15
  6161 | D:2      | Killed Sigmund
  6161 | D:2      | Reached skill level 6 in Spellcasting
  6342 | D:5      | Entered Level 5 of the Dungeon
  6508 | D:5      | Learned a level 5 spell: Fireball
  6894 | D:4      | Reached XP level 8. HP: 52/58 MP: 12/17
  7712 | D:6      | Found a transporter.
  7724 | D:6      | Reached skill level 7 in Spellcasting
  7724 | D:6      | Reached skill level 5 in Fire Magic
  7787 | D:6      | Noticed Zeeb's ghost (novice SpVM)
  7822 | D:5      | Learned a level 2 spell: Blink
  7832 | D:6      | Found Qony's Antique Weapon Shoppe.
  7951 | D:6      | Noticed Eustachio
  8116 | D:5      | Killed Eustachio
  8218 | D:6      | Found a transporter.
  8289 | D:6      | Found a staircase to the Ecumenical Temple.
  8303 | Temple   | Entered the Ecumenical Temple
  8415 | Temple   | Became a worshipper of Gozag Ym Sagoz the Greedy
  8935 | D:6      | Noticed a two-headed ogre
  8953 | D:6      | Killed a two-headed ogre
  8953 | D:6      | Reached skill level 8 in Spellcasting
  8953 | D:6      | Reached skill level 5 in Conjurations
  8953 | D:6      | Reached XP level 9. HP: 35/65 MP: 3/21
  9905 | D:7      | Killed from afar by an orc priest

Levels and vault maps discovered:
D:1:      minmay_arrival_stair_chambers, layout_basic, minmay_misc_feat_columns,
          chequers_serial_rivers_micro_e
D:2:      minmay_alternating_diamond, layout_basic, uniq_sigmund
D:3:      layout_loops_ring, first_ration, uniq_natasha, uniq_terence
D:4:      layout_gridville, bloody_trog, gup_sewer_entry_bubbles, serial_shops,
          shop, minmay_misc_feat_hallway, uniq_grinder
D:5:      layout_loops_cross, minmay_manual_macuahuitl
D:6:      layout_layer_cave, minmay_temple_entry_waves, serial_shops,
          nicolae_shop_waterfront, gammafunk_ghost_stat_death, uniq_eustachio
D:7:      layout_rooms, uniq_pikel
Temple:   kb_temple_of_zot

Skill      XL: |  1  2  3  4  5  6  7  8  9 |
---------------+----------------------------+-----
Spellcasting   | 3 4 5 6 8 |  8.5
Conjurations   | 1 2 3 4 5 |  5.5
Fighting       | 1 2 3 4 |  4.5
Fire Magic     | 3 4 5 6 |  6.1
Dodging        | |  1.5
Stealth        | |  1.5

Action                   |  1- 3 |  4- 6 |  7- 9 || total
-------------------------+-------+-------+-------++-------
Melee: Unarmed           |    18 |       |       ||    18
       Dagger            |       |       |   109 ||   109
 Cast: Flame Tongue      |    46 |   142 |    95 ||   283
       Conjure Flame     |       |     2 |     4 ||     6
       Sticky Flame      |       |       |     5 ||     5
Evoke: Wand              |       |     1 |    11 ||    12
  Use: Scroll            |       |     6 |     4 ||    10
Armor: Robe              |     6 |     5 |    19 ||    30
Dodge: Dodged            |    27 |    22 |    79 ||   128

Table legend:
 A = Non-vault XP
 B = Vault XP
 C = Vault XP percentage of total XP
 D = Non-vault monster count
 E = Vault monster count
 F = Vault count percentage of total count
                 A         B        C        D         E       F
            +---------+---------+-------+---------+---------+-------
      Total |    2380 |    1154 |  32.7 |     103 |      36 |  25.9
            +---------+---------+-------+---------+---------+-------
        D:1 |      26 |       0 |   0.0 |      16 |       0 |   0.0
        D:2 |     149 |     252 |  62.8 |      29 |       6 |  17.1
        D:3 |     187 |      67 |  26.4 |      18 |       2 |  10.0
        D:4 |     127 |     409 |  76.3 |       4 |       9 |  69.2
        D:5 |     161 |     378 |  70.1 |      10 |       4 |  28.6
        D:6 |    1513 |       0 |   0.0 |      21 |       0 |   0.0
        D:7 |     217 |       0 |   0.0 |       5 |       0 |   0.0
      Sewer |       0 |      48 | 100.0 |       0 |      15 | 100.0
            +---------+---------+-------+---------+---------+-------
